Map: Ulrena

Players

PtitDrogo

  • Race: Protoss Protoss
  • League: Master

Bomber - Winner!

  • Race: Terran Terran

Event: DreamHack ROCCAT LotV Championship

VOD

Have the link to the VOD?

Description

Time

  • Played on: Nov. 26, 2015, 2:26 p.m.
  • Length: 10:19

All games in this series

Show
View Real Time Build Order
Export as new Build Order

PtitDrogo Protoss 

Build Orders: 1 Gate Expand, Oracle Opening 

Get SALT Encoding   

  12  0:00  Probe (Chrono Boost)  
  13  0:11  Probe (Chrono Boost)  
  14  0:17  Pylon  
  14  0:22  Probe (Chrono Boost)  
  15  0:36  Probe (Chrono Boost)  
  15  0:39  Gateway  
  16  0:43  Assimilator  
  16  0:46  Probe (Chrono Boost)  
  18  0:57  Probe (Chrono Boost)  
  18  1:07  Probe (Chrono Boost)  
  19  1:21  Nexus  
  19  1:32  Cybernetics Core  
  19  1:35  Probe (Chrono Boost)  
  20  1:41  Assimilator  
  20  1:45  Probe (Chrono Boost)  
  21  1:51  Pylon  
  21  1:56  Probe (Chrono Boost)  
  22  2:10  Mothership Core (Chrono Boost)  
  22  2:14  Stalker  
  26  2:28  Probe (Chrono Boost)  
  27  2:31  Pylon  
  27  2:32  Pylon  
  27  2:34  Probe (Chrono Boost)  
  27  2:36  Pylon  
  28  2:39  Probe (Chrono Boost)  
  29  2:45  Pylon  
  29  2:48  Probe (Chrono Boost)  
  29  2:49  Probe (Chrono Boost)  
  32  2:58  Probe (Chrono Boost)  
  32  3:03  Stargate  
  32  3:04  Warp Gate (Chrono Boost)  
  32  3:06  Stalker  
  32  3:12  Probe x2 (Chrono Boost)  
  36  3:22  Probe (Chrono Boost)  
  36  3:26  Probe (Chrono Boost)  
  38  3:33  Probe (Chrono Boost)  
  39  3:36  Probe (Chrono Boost)  
  39  3:40  Gateway  
  40  3:43  Probe (Chrono Boost)  
  40  3:44  Stalker  
  40  3:46  Probe (Chrono Boost)  
  44  3:48  Oracle (Chrono Boost)  
  44  3:54  Probe  
  48  3:56  Probe  
  49  4:03  Pylon  
  49  4:05  Pylon  
  49  4:06  Probe x2  
  51  4:10  Robotics Facility  
  51  4:17  Probe  
  51  4:19  Probe  
  51  4:22  Assimilator  
  53  4:24  Assimilator  
  53  4:25  Oracle (Chrono Boost)  
  53  4:27  Probe  
  53  4:31  Probe  
  58  4:38  Probe  
  58  4:43  Probe  
  60  4:48  Probe  
  60  4:49  Pylon  
  60  4:50  Pylon  
  61  4:55  Probe  
  61  4:56  Gateway  
  61  4:58  Gateway  
  62  5:06  Probe  
  62  5:07  Observer  
  62  5:08  Probe  
  65  5:18  Probe (Chrono Boost)  
  65  5:20  Probe (Chrono Boost)  
  67  5:24  Pylon  
  67  5:25  Robotics Bay  
  67  5:26  Pylon  
  67  5:29  Sentry  
  67  5:30  Immortal  
  67  5:32  Stalker  
  75  5:38  Pylon  
  75  5:39  Pylon  
  75  5:42  Pylon  
  74  5:52  Pylon  
  74  5:54  Gateway, Adept x3  
  74  5:56  Twilight Council  
  80  6:05  Phoenix  
  80  6:11  Nexus  
  82  6:14  Pylon  
  82  6:29  Colossus  
  82  6:32  Probe (Chrono Boost), Phoenix  
  86  6:33  Probe (Chrono Boost)  
  92  6:42  Probe (Chrono Boost)  
  92  6:44  Blink (Chrono Boost)  
  92  6:45  Probe  
  94  6:47  Pylon  
  94  6:54  Probe  
  95  6:57  Probe  
  95  6:59  Extended Thermal Lance (Chrono Boost)  
  95  7:00  Phoenix  
  96  7:06  Probe  
  96  7:07  Assimilator  
  99  7:08  Zealot, Assimilator  
  99  7:09  Probe  
  102  7:18  Probe  
  102  7:21  Probe  
  104  7:24  Stalker  
  104  7:25  Stalker  
  110  7:36  Colossus (Chrono Boost)  
  114  7:38  Probe  
  115  7:46  Probe  
  115  7:47  Pylon, Phoenix  
  115  7:48  Probe, Pylon  
  119  7:52  Stalker x3  
  119  7:57  Gateway  
  119  7:58  Gateway  
  117  8:18  Stalker  
  117  8:19  Stalker x3  
  119  8:21  Pylon  
  119  8:24  Colossus (Chrono Boost)  
  125  8:27  Stalker  
  125  8:32  Gateway  
  127  8:42  Stalker x4  
  135  8:56  Adept x3  
  103  9:22  Stalker x6  
  103  9:23  Stalker, Phoenix  
  101  9:28  Colossus (Chrono Boost)  
  101  9:31  Forge  
  109  9:32  Forge  
  109  9:38  Adept  
  109  9:45  Phoenix  
  107  9:48  Zealot x4  
  87  10:04  Adept x2  
  87  10:05  Adept x2  
  81  10:11  Stalker  
  81  10:12  Stalker x3  
Show
View Real Time Build Order
Export as new Build Order

Bomber Terran - Winner!

Build Orders: Command Center First (CC), MMM Bio 

Get SALT Encoding   

  12  0:00  SCV  
  13  0:12  SCV  
  14  0:17  Supply Depot  
  14  0:25  SCV  
  15  0:39  SCV  
  16  0:51  SCV  
  17  1:00  Command Center  
  17  1:04  SCV  
  18  1:14  Barracks  
  18  1:18  SCV  
  19  1:28  Barracks  
  19  1:31  SCV  
  20  1:41  Barracks  
  20  1:45  SCV  
  21  1:58  Refinery  
  21  2:01  Orbital Command  
  21  2:03  Marine  
  22  2:13  Orbital Command  
  22  2:15  Marine  
  22  2:20  Marine  
  24  2:28  SCV  
  24  2:29  Marine  
  26  2:34  Marine  
  27  2:38  Marine  
  27  2:40  SCV  
  29  2:45  SCV  
  29  2:47  Marine  
  29  2:48  Supply Depot  
  31  2:52  Marine  
  31  2:56  Marine  
  31  2:57  SCV  
  26  2:58  Orbital Command  
  32  3:05  Supply Depot  
  32  3:09  Barracks Tech Lab  
  32  3:11  SCV  
  33  3:18  Refinery  
  33  3:23  SCV  
  34  3:27  Marauder, Marine x2  
  34  3:31  Stimpack  
  38  3:35  SCV  
  38  3:36  SCV  
  38  3:37  Engineering Bay  
  38  3:40  Supply Depot  
  40  3:49  Marauder, Marine x2  
  40  3:54  SCV  
  45  4:03  Supply Depot  
  45  4:07  Missile Turret  
  45  4:09  Marine x2  
  47  4:14  Marauder  
  49  4:25  SCV  
  49  4:28  Factory  
  49  4:29  Marine x2  
  52  4:31  Terran Infantry Weapons Level 1  
  52  4:37  SCV  
  52  4:41  Orbital Command  
  52  4:45  Supply Depot  
  52  4:47  Marauder  
  52  4:51  SCV  
  55  4:55  Barracks Reactor, Barracks Tech Lab  
  55  5:00  Missile Turret  
  55  5:03  SCV  
  54  5:09  SCV  
  54  5:15  SCV  
  54  5:21  SCV  
  58  5:22  Combat Shields  
  58  5:25  Factory Reactor, Starport, Marine  
  58  5:26  Marine  
  58  5:27  SCV  
  57  5:33  SCV, Marine  
  57  5:34  Marine  
  60  5:39  SCV  
  61  5:50  SCV, Marauder x2  
  61  5:51  SCV  
  61  5:54  Refinery  
  61  5:55  Supply Depot, Marine  
  61  5:56  Marine  
  69  6:05  Supply Depot, SCV  
  70  6:14  Supply Depot  
  70  6:16  SCV, Medivac  
  70  6:17  SCV  
  74  6:19  Supply Depot, Medivac  
  74  6:20  Refinery  
  74  6:27  Marauder x2, Marine  
  74  6:28  SCV  
  74  6:30  Marine  
  81  6:35  SCV  
  82  6:41  SCV  
  82  6:42  Missile Turret  
  83  6:47  SCV  
  83  6:54  Marauder x2, Medivac, Marine x2  
  86  6:56  Medivac  
  86  6:58  SCV  
  95  7:04  Supply Depot  
  95  7:06  Supply Depot  
  95  7:08  Terran Infantry Armor Level 1  
  95  7:15  SCV x2  
  96  7:25  Marine x2, Liberator x2  
  96  7:26  Marauder x2  
  102  7:30  Supply Depot  
  102  7:36  Barracks  
  99  7:37  Barracks  
  105  7:45  Marine x2  
  105  7:47  Marauder  
  105  7:50  Marauder  
  103  8:08  Marine x2  
  103  8:20  Marauder x2  
  103  8:23  Supply Depot  
  103  8:24  Supply Depot  
  103  8:25  Barracks Reactor, Barracks Tech Lab  
  103  8:27  Marine x2  
  103  8:29  Concussive Shells  
  103  8:33  Medivac x2  
  113  8:41  Marauder x2  
  113  8:45  Supply Depot, Marine x2, Marauder  
  113  8:46  Supply Depot  
  113  8:48  Supply Depot  
  117  8:50  SCV x2  
  115  9:02  Marine x2  
  121  9:03  Marauder x2  
  121  9:06  Marauder  
  116  9:12  Marine  
  104  9:18  Marine  
  106  9:24  Marauder x2  
  106  9:32  Marauder  
  108  9:40  Marine  
  107  9:45  Marauder  
  107  9:47  Marauder  
  102  9:53  Marine  
  102  9:54  Marauder  
  102  9:59  Marine  

Tags
 
Add a new tag
Caveats
  • Supply blocks, unpowered buildings, or Contaminate may cause inaccurate times.
  • Supply counts are checked every 10 seconds.